 Dungeon Crawl Stone Soup version 0.30-b1-2-g02819fbbbe (webtiles) character file.

Game seed: 17170892932703992219

27799 suse60 the Grappler (level 13, -1/133 HPs)
             Began as a Troll Fighter on Nov 18, 2023.
             Was a High Priest of Qazlal.
             Slain by Snorg (6 damage)
             ... on level 3 of the Lair of Beasts on Nov 20, 2023.
             The game lasted 01:20:37 (10484 turns).

suse60 the Grappler (Troll Fighter)                Turns: 10484, Time: 01:20:38

Health: -1/133     AC:  9    Str: 31    XL:     13   Next: 6%
Magic:  17/17      EV: 11    Int:  4    God:    Qazlal [*****.]
Gold:   586        SH: 16    Dex:  9    Spells: 12/12 levels left

rFire   . .          .
                       - Unarmed
rCold   + . .        b - +0 kite shield
rNeg    . . .        G - +1 robe {rC+}
rPois   .            (helmet restricted)
rElec   .            o - +0 cloak
rCorr   +            (gloves unavailable)
SInv    +            (boots unavailable)
Will    .....        (no amulet)
Stlth   +            q - ring of resist corrosion
HPRegen 1.22/turn    A - ring of see invisible
MPRegen 0.15/turn

%: repel missiles
@: protected from physical damage, studying 2 skills
A: large, unfitting armour, claws 3, regeneration 1, shaggy fur 1, tough skin 1
a: Renounce Religion, Upheaval, Elemental Force, Disaster Area


You were on level 3 of the Lair of Beasts.
You worshipped Qazlal.
Qazlal was extremely pleased with you.
You visited 3 branches of the dungeon, and saw 13 of its levels.

You collected 673 gold pieces.
You spent 87 gold pieces at shops.

Inventory:

Hand Weapons
 i - a +0 sling
 B - a +1 long sword of flaming
Missiles
 y - a throwing net
 z - 3 large rocks (quivered)
Armour
 b - a +0 kite shield (worn)
 d - an orb of mayhem
 o - a +0 cloak (worn)
 G - a +1 robe of cold resistance (worn)
Jewellery
 g - an amulet of guardian spirit
 q - a ring of resist corrosion (left claw)
 r - a ring of ice
 A - a ring of see invisible (right claw)
 C - a ring of fire
Wands
 p - a wand of roots (4)
 u - a wand of paralysis (3)
 x - a wand of flame (57)
Scrolls
 c - 3 scrolls of silence
 h - a scroll of poison
 j - a scroll of acquirement {unknown}
 k - 2 scrolls of teleportation
 l - a scroll of fear
 m - a scroll of enchant weapon {unknown}
 s - a scroll of magic mapping
 w - a scroll of immolation {unknown}
 E - a scroll of fog
Potions
 e - a potion of mutation
 f - a potion of magic
 n - 4 potions of curing
 t - a potion of cancellation
 v - a potion of ambrosia {unknown}
 D - a potion of brilliance {unknown}
 F - a potion of invisibility {unknown}


   Skills:
 + Level 9.9 Fighting
 - Level 4.2 Throwing
 + Level 9.9 Dodging
 - Level 5.5 Shields
 + Level 11.5 Unarmed Combat
 + Level 7.9 Invocations


You had 12 spell levels left.
You didn't know any spells.
Your spell library contained the following spells:

 Spells                   Type           Power      Damage    Failure   Level
 Apportation              Tloc           0%         N/A       69%         1
 Blink                    Tloc           0%         N/A       83%         2
 Lesser Beckoning         Tloc           0%         N/A       83%         2
 Momentum Strike          Conj/Tloc      0%         3d8       83%         2
 Alistair's Intoxication  Tmut/Pois      0%         N/A       100%        5


Dungeon Overview and Level Annotations

Branches:
Dungeon (9/15)             Temple (1/1) D:4            Lair (3/5) D:9
 Shoals (0/4) Lair:2        Snake (0/4) Lair:2
    Orc: D:9-12

Altars:
Cheibriados
Dithmenos
Elyvilon
Kikubaaqudgha
Makhleb
Qazlal
Ru
Sif Muna
Uskayaw
Wu Jian
Zin
The Shining One

Shops:
D:8 *

Annotations:
Lair:3 Snorg


Innate Abilities, Weirdness & Mutations

You are too large for most types of armour.
You have claws for hands.
Your natural rate of healing is unusually fast.
You are covered in fur. (AC +1)
You have tough skin. (AC +1)


Message History

You hear an angry hiss.
You block Snorg's attack. x2; Snorg barely misses you.
Unknown command.
You mangle Snorg!!
Snorg is heavily wounded.
You block Snorg's attack. Snorg claws you! You block Snorg's attack.
You closely miss Snorg.
Snorg is heavily wounded.
You block Snorg's attack. Snorg claws you. You block Snorg's attack.
A komodo dragon comes into view.
The komodo dragon hisses angrily.
You claw Snorg!
Snorg is heavily wounded.
You block Snorg's attack. Snorg claws you but does no damage. Snorg claws you!
You block Snorg's attack. Snorg claws you!
* * * LOW HITPOINT WARNING * * *
You feel more protected from physical attacks.
Snorg completely misses you.
You claw Snorg!
Snorg is heavily wounded.
Snorg is engulfed in blazing flames.
You block Snorg's attack. x2
Snorg claws you.
* * * LOW HITPOINT WARNING * * *
You feel more protected from physical attacks.
You scratch Snorg.
Snorg is severely wounded.
Snorg is engulfed in blazing flames.
Snorg bites you!
* * * LOW HITPOINT WARNING * * *
You block Snorg's attack. x2
You barely miss Snorg.
Snorg is severely wounded.
Snorg is engulfed in blazing flames.
You block Snorg's attack. x2
Snorg closely misses you.
Snorg is engulfed in blazing flames.
Snorg completely misses you. You block Snorg's attack. Snorg misses you.
You mangle Snorg!!
Snorg is almost dead.
Snorg is engulfed in blazing flames.
Snorg bites you!
* * * LOW HITPOINT WARNING * * *
Snorg claws you.
You die...

.......##.#§...#....# *****,,,*
.##....####..##.....##***,**,,,**
####...#*##..##......#*,,,***,,*
** #...P##...###....##,,,,* *,,*
,**#.........##.....#**,,,***,,**
,,##..........#.....##*,,,,*,,,,*
,*#.[..####.#.##○.○..#**,,***,,,*
,*#....,* ##..#.....##**,,***,,,*
###...F#####[...@T.l##.,,,,,*,,,*
#.P.....Y.......†☼......,,,,,,,**
.......P†.....°.§☼......,,,,,,,*
#P..P#..P.#.#.#.######.#***,,***
####*############ *## ****


You could see Snorg (berserk) and a komodo dragon.

Vanquished Creatures
  Fannar (Lair:3)
  3 hydras
  A catoblepas (Lair:2)
  3 two-headed ogres
  2 skysharks (Lair:3)
  A deep elf pyromancer (D:9)
  A manticore (D:7)
  An elephant (Lair:2)
  Maurice (D:8)
  4 black mambas
  2 torpor snails
  5 cane toads
  4 rime drakes
  4 komodo dragons
  A troll (D:8)
  Prince Ribbit (D:5)
  2 hornets
  16 blink frogs
  A vampire (D:9)
  31 yaks
  2 wyverns
  3 basilisks
  An acid dragon (D:9)
  Duvessa (D:5)
  4 nagas (Lair:2)
  11 water moccasins
  An orc warrior (D:8)
  2 ice beasts
  2 sky beasts
  2 black bears
  2 centaurs
  An ogre (D:5)
  8 wolves
  A phantom (D:6)
  3 kobold brigands
  9 bullfrogs
  A gnoll sergeant (D:9)
  3 scorpions
  8 wights
  Dowan (D:5)
  2 howler monkeys (D:5)
  2 hounds
  5 jellies
  5 orc priests
  A gnoll bouda (D:5)
  2 iguanas (D:6)
  9 orc wizards
  7 adders
  21 gnolls
  3 white imps
  3 ufetubi
  2 worms (D:2)
  A dart slug (D:1)
  26 orcs
  9 endoplasms
  2 giant cockroaches
  10 goblins
  8 hobgoblins
  9 jackals
  6 quokkas
  8 ball pythons
  8 bats
  3 frilled lizards
  16 kobolds
  13 rats
  2 bushes (D:2)
334 creatures vanquished.

Vanquished Creatures (others)
  38 fungi
  43 plants
81 creatures vanquished.

Grand Total: 415 creatures vanquished

Notes
Turn   | Place    | Note
-------+----------+-------------------------------------------
     0 | D:1      | suse60 the Troll Fighter began the quest for the Orb.
     0 | D:1      | Reached XP level 1. HP: 22/22 MP: 0/0
   110 | D:1      | Reached XP level 2. HP: 29/29 MP: 1/1
   575 | D:1      | Reached XP level 3. HP: 36/36 MP: 2/2
   806 | D:2      | Found a stormy altar of Qazlal.
   828 | D:2      | Became a worshipper of Qazlal Stormbringer
   957 | D:2      | Reached XP level 4. HP: 44/44 MP: 3/3
  1017 | D:2      | Reached skill level 3 in Unarmed Combat
  1120 | D:2      | Reached XP level 5. HP: 53/53 MP: 4/4
  1446 | D:2      | Reached * piety under Qazlal
  2374 | D:4      | Found a staircase to the Ecumenical Temple.
  2377 | D:4      | Reached XP level 6. HP: 47/61 MP: 5/5
  2381 | Temple   | Entered the Ecumenical Temple
  2407 | D:4      | Noticed an ice beast
  2431 | D:4      | Killed an ice beast
  2653 | D:4      | Reached ** piety under Qazlal
  2750 | D:4      | Reached skill level 4 in Unarmed Combat
  2753 | D:4      | Found an ancient bone altar of Kikubaaqudgha.
  3194 | D:5      | Entered Level 5 of the Dungeon
  3218 | D:5      | Reached XP level 7. HP: 68/68 MP: 6/6
  3253 | D:5      | Found a white marble altar of Elyvilon.
  3428 | D:5      | Noticed Duvessa
  3428 | D:5      | Noticed Dowan
  3434 | D:5      | Killed Dowan
  3435 | D:5      | Reached skill level 5 in Shields
  3443 | D:5      | Killed Duvessa
  3444 | D:5      | Reached skill level 5 in Unarmed Combat
  3444 | D:5      | Reached XP level 8. HP: 51/79 MP: 7/7
  3539 | D:5      | Noticed Prince Ribbit
  3645 | D:5      | Killed Prince Ribbit
  3646 | D:5      | Reached skill level 5 in Fighting
  3646 | D:5      | Reached skill level 5 in Dodging
  3909 | D:5      | Found a snail-covered altar of Cheibriados.
  3951 | D:5      | Reached *** piety under Qazlal
  4014 | D:6      | Reached skill level 1 in Throwing
  4236 | D:6      | Reached skill level 6 in Unarmed Combat
  4614 | D:7      | Reached XP level 9. HP: 88/88 MP: 8/8
  4617 | D:7      | Noticed a manticore
  4635 | D:7      | Killed a manticore
  4720 | D:7      | Found a sacrificial altar of Ru.
  4720 | D:7      | Found a shimmering blue altar of Sif Muna.
  4721 | D:7      | Found a shadowy altar of Dithmenos.
  4941 | D:7      | Noticed a two-headed ogre
  4949 | D:7      | Killed a two-headed ogre
  4950 | D:7      | Reached skill level 7 in Unarmed Combat
  5229 | D:7      | Found an ornate altar of the Wu Jian Council.
  5296 | D:8      | Paralysed by a hornet for 1 turns
  5298 | D:8      | Noticed Maurice
  5407 | D:8      | Found a glowing golden altar of the Shining One.
  5464 | D:8      | Reached **** piety under Qazlal
  5493 | D:8      | Noticed a troll
  5504 | D:8      | Noticed a two-headed ogre
  5515 | D:8      | Reached XP level 10. HP: 93/100 MP: 9/9
  5609 | D:8      | Killed a two-headed ogre
  5610 | D:8      | Reached skill level 1 in Invocations
  5647 | D:8      | Killed Maurice
  5721 | D:8      | Reached skill level 8 in Unarmed Combat
  5898 | D:8      | Found Eredykha's Assorted Antiques.
  5909 | D:8      | Bought a scroll of identify for 60 gold pieces
  5909 | D:8      | Bought a sedimented emerald potion for 27 gold pieces
  5952 | D:8      | Found a burning altar of Makhleb.
  6186 | D:9      | Found a staircase to the Lair.
  6441 | D:9      | Noticed a four-headed hydra
  6441 | D:9      | Noticed a deep elf pyromancer
  6503 | D:9      | Killed a four-headed hydra
  6508 | D:9      | Reached XP level 11. HP: 38/109 MP: 12/12
  6644 | D:9      | Noticed a two-headed ogre
  6682 | D:9      | Killed a two-headed ogre
  6683 | D:9      | Reached skill level 9 in Unarmed Combat
  6704 | D:9      | Killed a deep elf pyromancer
  7024 | Lair:1   | Entered Level 1 of the Lair of Beasts
  7070 | Lair:1   | Reached skill level 5 in Invocations
  7108 | Lair:1   | Reached ***** piety under Qazlal
  7610 | Lair:1   | Reached skill level 10 in Unarmed Combat
  7656 | Lair:1   | Noticed an eight-headed hydra
  7667 | Lair:1   | Killed an eight-headed hydra
  8019 | Lair:1   | You fall into a shaft and drop 1 floor!
  8035 | Lair:2   | Reached XP level 12. HP: 98/122 MP: 15/15
  8148 | Lair:2   | Noticed a catoblepas
  8231 | Lair:2   | Killed a catoblepas
  8475 | Lair:2   | Found a staircase to the Shoals.
  8732 | Lair:2   | Noticed an eight-headed hydra
  8907 | Lair:2   | Found a staircase to the Snake Pit.
  9295 | Lair:2   | Reached skill level 11 in Unarmed Combat
  9713 | Lair:2   | Killed a seven-headed hydra
  9958 | Lair:3   | Found a shimmering blue altar of Sif Muna.
 10162 | Lair:3   | Noticed Fannar
 10189 | Lair:3   | Killed Fannar
 10281 | Lair:3   | Noticed Snorg
 10303 | Lair:3   | Reached XP level 13. HP: 101/133 MP: 17/17
 10484 | Lair:3   | HP: 5/133 [Snorg (10)]
 10484 | Lair:3   | Slain by Snorg

Illustrated notes

Levels and vault maps discovered:
D:1:      giann_horns, layout_basic
D:2:      layout_loops_ring, basic_altar, lexackson_kobold_supper
D:3:      layout_basic, reono_crystal_passage, minmay_fountain_box,
          minmay_misc_feat_pillars
D:4:      layout_loops_ring, kiku_gazebo_pond_becter,
          minmay_temple_entry_proselytizer
D:5:      layout_basic, mainiacjoe_overflow_catwalk, elyvilon_altar_1,
          uniq_duvessa, uniq_prince_ribbit1
D:6:      layout_cave_pools
D:7:      layout_basic, nicolae_wu_jian_glorious_leap,
          gammafunk_temple_overflow_claw
D:8:      layout_cave_pools, mainiacjoe_overflow_concentric_impassable,
          tso_oasis_becter, serial_shops, nicolae_shop_advertising_works
          [nicolae_subvault_shop_adworks], minmay_manual_monstrance,
          uniq_maurice
D:9:      layout_rooms, dpeg_oklobed_lair, minmay_mirror_moons_of_madness
Temple:   compressed_dpeg_triangle_lava_temple
Lair:1:   layout_small_grid, st_stairs_11
Lair:2:   nzn_winding_woodlands_cross [nzn_winding_woodlands_5x15_sidewinder,
          nzn_winding_woodlands_5x15_pathside_ponds,
          nzn_winding_woodlands_5x15_cabin, nzn_winding_woodlands_5x15_zeroes,
          nzn_winding_woodlands_15x15_boxy_spiral], layout_long_grid,
          shoals_dummy_entry, minmay_snake_entry_guardpost_small,
          wad_woods_road_05
Lair:3:   layout_regular_city, basic_altar, minivault_11, uniq_fannar,
          uniq_snorg

Skill      XL: |  1  2  3  4  5  6  7  8  9 10 11 12 |
---------------+-------------------------------------+-----
Shields        | 3 4 5 |  5.5
Dodging        | 3 4 5 6 7 8 9 |  9.9
Fighting       | 3 4 5 6 7 8 9 |  9.9
Unarmed Combat | 3 4 5 6 7 8 10 11 | 11.5
Throwing       | 2 4 |  4.2
Invocations    | 3 6 7 |  7.9

Action                     |  1- 3 |  4- 6 |  7- 9 | 10-12 | 13-15 || total
---------------------------+-------+-------+-------+-------+-------++-------
  Melee: Unarmed           |   123 |   286 |   243 |   461 |    36 ||  1149
         Flail             |       |       |       |    12 |       ||    12
         Long sword        |       |       |       |     4 |       ||     4
  Throw: Large rock        |     3 |     7 |    17 |    20 |       ||    47
         Throwing net      |       |       |     2 |     5 |       ||     7
  Evoke: Wand              |       |       |     2 |    14 |       ||    16
    Use: Scroll            |     3 |     1 |     4 |    14 |     1 ||    23
         Potion            |       |     1 |     1 |     3 |       ||     5
   Stab: Sleeping          |     1 |       |       |       |       ||     1
         Paralysed         |       |       |       |     6 |       ||     6
         Petrified         |       |       |       |     2 |       ||     2
 Armour: Robe              |    34 |    31 |    40 |    72 |    10 ||   187
  Dodge: Dodged            |    35 |    53 |    57 |   153 |    23 ||   321
         Repelled          |       |       |     1 |     3 |       ||     4
  Block: Kite shield       |    40 |    64 |   122 |   320 |    56 ||   602
